 Dungeon Crawl Stone Soup version 0.18.1-5-g4a78601 (webtiles) character file.

95 epen the Cutter (level 4, -1/30 HPs)
             Began as a Halfling Gladiator on May 13, 2016.
             Slain by a giant frog (4 damage)
             ... on level 4 of the Dungeon.
             The game lasted 00:04:14 (2770 turns).

epen the Cutter (Halfling Gladiator)                Turns: 2770, Time: 00:04:14

Health: -1/30      AC:  8    Str: 16    XL:     4   Next: 95%
Magic:  4/4        EV: 15    Int:  7    God:
Gold:   140        SH:  0    Dex: 17    Spells: 0 memorised, 3 levels left

rFire  . . .     SeeInvis .     a - +0 rapier
rCold  . . .     Gourm    .     m - +0 ring mail
rNeg   . . .     Faith    .     (shield restricted)
rPois  .         Spirit   .     c - +0 helmet
rElec  .         Dismiss  .     y - +0 cloak
rCorr  .         Reflect  .     (no gloves)
SustAt .         Harm     .     n - +0 pair of boots
MR     .....                    (no amulet)
Stlth  +.........               (no ring)
                                k - +3 ring of dexterity

@: not resistant to hostile enchantments, very unstealthy
A: mutation resistance 1
a: no special abilities


You were on level 4 of the Dungeon.
You were very hungry.

You visited 1 branch of the dungeon, and saw 4 of its levels.

You collected 140 gold pieces.

Inventory:

Hand Weapons
 a - a +0 rapier (weapon)
Missiles
 d - 3 throwing nets (quivered)
Armour
 b - a +0 leather armour
 c - a +0 helmet (worn)
 m - a +0 ring mail (worn)
 n - a +0 pair of boots (worn)
 y - a +0 cloak (worn)
Jewellery
 k - a +3 ring of dexterity (left hand)
 s - an uncursed amulet of guardian spirit
 w - a cursed amulet of inaccuracy {unknown}
Scrolls
 e - 2 scrolls of identify {unknown}
 g - 5 scrolls of blinking {unknown}
 i - 5 scrolls of teleportation {unknown}
 p - a scroll of fog {unknown}
 q - a scroll of recharging {unknown}
 r - a scroll of magic mapping {unknown}
 u - a scroll of enchant armour {unknown}
 x - 3 scrolls of remove curse {unknown}
Potions
 h - 3 potions of invisibility {unknown}
 j - a potion of might {unknown}
 l - a potion of magic {unknown}
 o - a potion of brilliance {unknown}
 t - a potion of cancellation {unknown}
 z - a potion of resistance {unknown}
Comestibles
 f - 4 bread rations
 v - a royal jelly


   Skills:
 + Level 2.3 Fighting
 * Level 4.9 Short Blades
 - Level 2.1 Throwing
 + Level 1.6 Armour
 * Level 4.4 Dodging


You had 3 spell levels left.
You didn't know any spells.

Dungeon Overview and Level Annotations

Branches:
Dungeon (4/15)
 Temple: D:4-7

Altars:

Annotations:
D:3 epen's ghost, amateur HaGl


Innate Abilities, Weirdness & Mutations

You are small and have problems with some larger weapons.
You are somewhat resistant to further mutation.


Message History

The giant frog hits you. x2
You completely miss the giant frog.
The giant frog is moderately wounded.
The giant frog barely misses you.
You barely miss the giant frog.
The giant frog is moderately wounded.
The giant frog hits you.
* * * LOW HITPOINT WARNING * * *
You are too injured to fight recklessly!
The giant frog closely misses you.
Found a dark potion.
The giant frog misses you.
Found a dark potion.
Found a stone staircase leading down.
You hit the giant frog.
The giant frog is heavily wounded.
The giant frog hits you.
* * * LOW HITPOINT WARNING * * *
The giant frog hits you.
You die...

#!. #.# #.# ##
##### #.# .!
......#####.###.###
#....<.........#
#............#
#!######F###.# ..
#@# ... #........
## #####.... >#


You could see a giant frog.

Vanquished Creatures
  2 adders (D:3)
  2 oozes (D:1)
  2 worms
  3 dart slugs
  5 giant geckos
  2 ball pythons
  4 bats
  2 goblins
  7 hobgoblins
  6 jackals
  A quokka (D:3)
  2 giant newts
  5 kobolds
  5 rats
48 creatures vanquished.

Notes
Turn   | Place    | Note
--------------------------------------------------------------
     0 | D:1      | epen the Halfling Gladiator began the quest for the Orb.
     0 | D:1      | Reached XP level 1. HP: 14/14 MP: 1/1
    74 | D:1      | Reached XP level 2. HP: 9/19 MP: 2/2
   521 | D:1      | Reached XP level 3. HP: 14/24 MP: 3/3
   789 | D:1      | Reached skill level 1 in Armour
  1429 | D:2      | Reached XP level 4. HP: 29/29 MP: 4/4
  2318 | D:3      | Found a faded altar to an unknown god.
  2679 | D:3      | Noticed epen's ghost (amateur HaGl)
  2746 | D:4      | Noticed a giant frog
  2770 | D:4      | Slain by a giant frog

Skill      XL: |  1  2  3 |
---------------+----------+-----
Armour         | 1 |  1.6
Dodging        | 4 |  4.4
Fighting       | 2 |  2.3
Short Blades   | |  4.9
Throwing       | |  2.1

Action                   |  1- 3 |  4- 6 || total
-------------------------+-------+-------++-------
Melee: Rapier            |   121 |    87 ||   208
  Eat: Chunk             |     2 |     2 ||     4
       Fruit             |       |     1 ||     1
Armor: Leather armour    |    13 |       ||    13
       Ring mail         |    19 |    19 ||    38
Dodge: Dodged            |    91 |    71 ||   162
